 Dungeon Crawl Stone Soup version 0.21.1-1-g345015f (webtiles) character file.

25 wilfster70 the Cutter (level 3, -2/24 HPs)
             Began as a Halfling Warper on June 11, 2018.
             Shot with an arrow by a centaur (13 damage)
             ... on level 2 of the Dungeon.
             The game lasted 00:04:04 (997 turns).

wilfster70 the Cutter (Halfling Warper)              Turns: 997, Time: 00:04:05

Health: -2/24      AC:  3    Str: 13    XL:     3   Next: 20%
Magic:  5/5        EV: 15    Int: 11    God:
Gold:   59         SH:  0    Dex: 13    Spells: 1/5 levels left

rFire    . . .     SeeInvis .   a - +0 short sword
rCold    . . .     Gourm    .   (shield restricted)
rNeg     . . .     Faith    .   j - +0 leather armour
rPois    .         Spirit   .   (no helmet)
rElec    .         Reflect  .   (no cloak)
rCorr    .         Harm     .   (no gloves)
MR       .....                  (no boots)
Stlth    +.........             (no amulet)
HPRegen  0.08/turn              (no ring)
MPRegen  0.09/turn              (no ring)

@: no status effects
A: small, mutation resistance 1
a: no special abilities


You were on level 2 of the Dungeon.
You were not hungry.

You visited 1 branch of the dungeon, and saw 2 of its levels.

You collected 59 gold pieces.

Inventory:

Hand Weapons
 a - a +0 short sword (weapon)
 b - a +0 hunting sling
Missiles
 e - 5 tomahawks of dispersal (quivered)
 l - 36 stones
Armour
 j - a +0 leather armour (worn)
Scrolls
 d - a scroll of blinking
 h - a scroll of fear {unknown}
 m - a scroll of teleportation {unknown}
 n - a scroll of remove curse {unknown}
 o - a scroll of identify {unknown}
 p - a scroll of enchant weapon {unknown}
Potions
 i - a potion of agility {unknown}
 k - a potion of might {unknown}
Books
 c - a book of Spatial Translocations

   Spells                             Type                      Level
   a - Blink                          Translocation                2
   b - Shroud of Golubria             Charms/Translocation         2
   c - Lesser Beckoning               Translocation                3
   d - Gell's Gravitas                Translocation                3
   e - Teleport Other                 Translocation                3
   f - Passage of Golubria            Translocation                4
Comestibles
 f - 2 rations
 g - 2 chunks of flesh


   Skills:
 - Level 1.7 Fighting
 + Level 3.5 Short Blades
 - Level 1.0 Throwing
 - Level 1.1 Armour
 + Level 2.9 Dodging
 - Level 1.5 Spellcasting
 - Level 3.2 Translocations


You had one spell level left.
You knew the following spells:

 Your Spells              Type           Power        Failure   Level  Hunger
a - Blink                 Tloc           N/A          16%         2    ###....
b - Shroud of Golubria    Chrm/Tloc      #.........   30%         2    ###....


Dungeon Overview and Level Annotations

Branches:
Dungeon (2/15)

Altars:


Innate Abilities, Weirdness & Mutations

You are small and have problems with some larger weapons.
You are somewhat resistant to further mutation.


Message History

Found a ration.
f - 2 rations (gained 1)
Found a dagger.
You see here a dagger.
A centaur comes into view.
The centaur shouts!
The centaur wields a shortbow.
The centaur shoots an arrow.
The arrow barely misses you.
Found 2 silvery potions.
You see here an arrow.
A quokka comes into view.
The centaur shoots an arrow.
The arrow closely misses you.
You see here an arrow.
The centaur shoots an arrow.
The arrow misses you.
You see here an arrow.
The centaur shoots an arrow.
The arrow hits you!
Ouch! That really hurt!
The centaur shoots an arrow.
The arrow hits you!
Ouch! That really hurt!
You die...

#.#########.# #.#
#.......######## #.#
#.#####......... #.#
#.#####......... #.#
#.....+.........
#.#########.........
#...# #..'.........
###.####.##.........
#@#....##.........
#(#....##.........
#(#....##.........
#.#....###########
#.#...## #(##'##
#!...c..#.# ######
#....####.#######......
#!.c. #..>.............


You could see a centaur.

Vanquished Creatures
  A dart slug (D:1)
  A leopard gecko (D:1)
  5 goblins
  4 hobgoblins
  4 bats (D:1)
  A frilled lizard (D:1)
  2 kobolds (D:1)
  3 rats (D:1)
21 creatures vanquished.

Notes
Turn   | Place    | Note
-------+----------+-------------------------------------------
     0 | D:1      | wilfster70 the Halfling Warper began the quest for the Orb.
     0 | D:1      | Reached XP level 1. HP: 14/14 MP: 3/3
   116 | D:1      | Reached XP level 2. HP: 13/19 MP: 4/4
   120 | D:1      | Learned a level 2 spell: Blink
   123 | D:1      | Learned a level 2 spell: Shroud of Golubria
   644 | D:1      | Reached XP level 3. HP: 24/24 MP: 5/5
   992 | D:2      | Noticed a centaur
   997 | D:2      | Shot with an arrow by a centaur

Skill      XL: |  1 |
---------------+----+-----
Short Blades   | 3 |  3.5
Fighting       | |  1.7
Throwing       | |  1.0
Armour         | |  1.1
Dodging        | |  2.9
Spellcasting   | |  1.5
Translocations | |  3.2

Action                   || total
-------------------------++-------
Melee: Short sword       ||    53
Armor: Leather armour    ||     6
Dodge: Dodged            ||    52
